 Dungeon Crawl Stone Soup version 0.31-a0-234-gad7ace16ef (webtiles) character file.

Game seed: 4854340690784783979

0 Esmoo the Sneak (level 1, -1/9 HPs)
             Began as a Spriggan Conjurer on July 10, 2023.
             Slain by a hobgoblin (2 damage)
             ... on level 1 of the Dungeon.
             The game lasted 00:03:49 (175 turns).

Esmoo the Sneak (Spriggan Conjurer)                  Turns: 175, Time: 00:03:49

Health: -1/9       AC:  2    Str:  3    XL:     1   Next: 8%
Magic:  5/5        EV: 17    Int: 19    God:
Gold:   0          SH:  0    Dex: 13    Spells: 4/5 levels left

rFire   . . .        (weapon restricted)
rCold   . . .        (no shield)
rNeg    . . .        a - +0 robe
rPois   .            (helmet restricted)
rElec   .            (no cloak)
rCorr   .            (gloves unavailable)
SInv    +            (boots unavailable)
Will    .....        (no amulet)
Stlth   ++           (no ring)
HPRegen 0.21/turn    (no ring)
MPRegen 0.09/turn

%: no passive effects
@: very quick
A: very small, no large weapons, unfitting armour, see invisible, speed 3
a: no special abilities


You were on level 1 of the Dungeon.
You visited 1 branch of the dungeon, and saw 1 of its levels.

Inventory:

Armour
 a - a +0 robe (worn)
Potions
 b - a potion of magic


   Skills:
 + Level 2.6 Dodging
 + Level 3.0 Stealth
 + Level 2.6 Spellcasting
 + Level 3.0 Conjurations


You had 4 spell levels left.
You knew the following spells:

 Your Spells              Type           Power      Damage    Failure   Level
a - Magic Dart            Conj           56%        1d5       4%          1

Your spell library contained the following spells:

 Spells                   Type           Power      Damage    Failure   Level
 Searing Ray              Conj           28%        2d5       7%          2
 Dazzling Flash           Conj/Hex       16%        N/A       26%         3
 Fulminant Prism          Conj/Hex       4%         3d5       63%         4
 Iskenderun's Mystic Bla  Conj/Tloc      8%         2d4       63%         4


Dungeon Overview and Level Annotations

Branches:
Dungeon (1/15)

Altars:


Innate Abilities, Weirdness & Mutations

You are very small and have problems with some larger weapons.
You are too small for most types of armour.
You have supernaturally acute eyesight. (SInv)
You cover ground extremely quickly. (Speed+++)


Message History

The frilled lizard hisses.
The frilled lizard bites you but does no damage.
You hit the frilled lizard but do no damage.
You punch the frilled lizard.
You kill the frilled lizard!
Your Conjurations skill increases to level 3!
You open the door.
There is an open door here.
You open the door.
There is an open door here.
A jackal comes into view.
Found a stone staircase leading down.
The jackal barks!
Found a Trismegistus Codex.
A jackal is nearby!
A hobgoblin comes into view.
The hobgoblin shouts!
The hobgoblin misses you.
You hit the hobgoblin but do no damage. The hobgoblin hits you.
You hit the hobgoblin but do no damage. The hobgoblin misses you.
You hit the hobgoblin but do no damage. The hobgoblin closely misses you.
You hit the hobgoblin.
The hobgoblin is heavily wounded.
The hobgoblin completely misses you.
You closely miss the hobgoblin.
The hobgoblin is heavily wounded.
The jackal bites you. The hobgoblin completely misses you.
You closely miss the hobgoblin.
The hobgoblin is heavily wounded.
The jackal misses you. The hobgoblin hits you.
* * * LOW HITPOINT WARNING * * *
The jackal misses you.
You hit the hobgoblin but do no damage.
The hobgoblin is heavily wounded.
The hobgoblin misses you.
The jackal bites you but does no damage.
You hit the hobgoblin.
The hobgoblin is severely wounded.
The jackal closely misses you. The hobgoblin hits you.
You die...

#............# ##
#............# #.
#............# #.
#............# #.
#.:..........# #.
#............# #.
#............# #.
#............# ##
#..g@h.......#
#............##
############..######
##......## ####.....
#.#..# #.##.. #.####
#..


You could see a jackal and a hobgoblin.

Vanquished Creatures
  A frilled lizard (D:1)
1 creature vanquished.

Notes
Turn   | Place    | Note
-------+----------+-------------------------------------------
     0 | D:1      | Esmoo the Spriggan Conjurer began the quest for the Orb.
     0 | D:1      | Reached XP level 1. HP: 9/9 MP: 5/5
   175 | D:1      | Slain by a hobgoblin

Illustrated notes

Levels and vault maps discovered:
D:1:      reono_arrival_forest_river, layout_basic, minmay_crystal_room

Skill      XL: |  1 |
---------------+----+-----
Conjurations   | 3 |  3.0
Dodging        | |  2.6
Stealth        | |  3.0
Spellcasting   | |  2.6

Action                     || total
---------------------------++-------
  Melee: Unarmed           ||    12
         Punch             ||     1
   Stab: Sleeping          ||     1
 Armour: Robe              ||     2
  Dodge: Dodged            ||    11

Table legend: (Time is in decaauts)
 A = Elapsed time spent in this place.
 B = Non-inter-level travel time spent in this place.
 C = Inter-level travel time spent in this place.
 D = Time resting spent in this place.
 E = Time spent auto-exploring this place.
 F = Levels seen in this place.
 G = Mean time per level.
                   A        B        C        D        E       F      G
               +--------+--------+--------+--------+--------+-----+--------+
         Total |    122 |     38 |     84 |      0 |      0 |   1 |  122.0 |
       Dungeon |    122 |     38 |     84 |      0 |      0 |   1 |  122.0 |
               +--------+--------+--------+--------+--------+-----+--------+

Top non-repeatable levels by time:
     D:1: 122 daAuts
